 Dungeon Crawl Stone Soup version 0.30-a0-867-g305f33218d (webtiles) character file.

Game seed: 17125580239823639365

50 Morbidden the Conjurer (level 3, -1/25 HPs)
             Began as a Barachi Conjurer on Mar 10, 2023.
             Killed from afar by Ijyb (14 damage)
             ... with a bolt of acid
             ... on level 3 of the Dungeon.
             The game lasted 00:02:20 (2203 turns).

Morbidden the Conjurer (Barachi Conjurer)           Turns: 2203, Time: 00:02:20

Health: -1/25      AC:  3    Str:  8    XL:     3   Next: 79%
Magic:  6/6        EV: 12    Int: 20    God:
Gold:   96         SH:  0    Dex: 10    Spells: 4/7 levels left

rFire   . . .      SeeInvis .    m - staff of conjuration
rCold   . . .      Faith    .    (no shield)
rNeg    . . .      Spirit   .    e - +0 robe
rPois   .          Reflect  .    p - +0 helmet
rElec   .          Rampage  .    (no cloak)
rCorr   .                        (no gloves)
Will    .....                    (no boots)
Stlth   ++                       (no amulet)
HPRegen 0.24/turn                (no ring)
MPRegen 0.10/turn                (no ring)

@: slow
A: amphibious, slowness 1, strong legs 1, +LOS
a: Hop


You were on level 3 of the Dungeon.
You visited 1 branch of the dungeon, and saw 3 of its levels.

You collected 96 gold pieces.

Inventory:

Hand Weapons
 a - a +0 spear
 b - a +0 quarterstaff
Armour
 e - a +0 robe (worn)
 p - a +0 helmet (worn)
Magical Staves
 m - a staff of conjuration (weapon)
Jewellery
 n - an amulet of guardian spirit
Scrolls
 c - 2 scrolls of fog {unknown}
 d - 3 scrolls of identify {unknown}
 f - a scroll of noise {unknown}
 h - a scroll of teleportation {unknown}
 j - 2 scrolls of fear {unknown}
 k - a scroll of blinking {unknown}
 q - a scroll of magic mapping {unknown}
 r - a scroll of poison {unknown}
 t - a scroll of butterflies {unknown}
Potions
 g - a potion of magic
 i - 2 potions of degeneration {unknown}
 l - a potion of haste {unknown}
 o - 3 potions of curing {unknown}
 s - 2 potions of flight {unknown}


   Skills:
 * Level 0.3 Fighting
 * Level 1.2 Polearms
 * Level 0.1(0.8) Staves
 * Level 1.1 Armour
 * Level 2.6 Dodging
 + Level 1.7 Stealth
 * Level 2.5 Spellcasting
 * Level 4.9 Conjurations


You had 4 spell levels left.
You knew the following spells:

 Your Spells              Type           Power      Damage    Failure   Level
a - Magic Dart            Conj           100%       1d8       1%          1
b - Searing Ray           Conj           66%        2d6       3%          2

Your spell library contained the following spells:

 Spells                   Type           Power      Damage    Failure   Level
 Dazzling Flash           Conj/Hex       36%        N/A       16%         3
 Hailstorm                Conj/Ice       18%        3d6       16%         3
 Fulminant Prism          Conj/Hex       9%         3d7       47%         4
 Iskenderun's Mystic Bla  Conj/Tloc      18%        2d6       47%         4
 Ice Form                 Ice/Tmut       2%         N/A       83%         4
 Simulacrum               Ice/Necr       1%         N/A       100%        6


Dungeon Overview and Level Annotations

Branches:
Dungeon (3/15)

Altars:

Annotations:
D:3 Ijyb


Innate Abilities, Weirdness & Mutations

You are amphibious.
You cover ground slowly.
You can hop short distances.
You have an extended range of vision and can be seen from far away.


Message History

You can't see any susceptible monsters within range! (Use Z to cast anyway.) Unknown command.
Casting: Magic Dart (safe; 1% risk of failure)
Confirm with . or Enter, or press ? or * to list all spells.
Aiming: Magic Dart (safe; 1% risk of failure)
Press: ? - help, Shift-Dir - straight line, f - Ijyb
Aim: Ijyb, wielding a +0 club, wearing a +0 leather armour and carrying a wand of acid (13) (100% to hit)
You feel a surge of power!
The magic dart hits Ijyb.
Ijyb is moderately wounded.
The adder hisses angrily.
Ijyb screams, "Level is mine!
All mine!"
Casting: Magic Dart (safe; 1% risk of failure)
Confirm with . or Enter, or press ? or * to list all spells.
Aiming: Searing Ray (safe; 3% risk of failure)
Press: ? - help, Shift-Dir - straight line, f/p - Ijyb
Aim: Ijyb, wielding a +0 club, wearing a +0 leather armour and carrying a wand of acid (13) (moderately wounded, 76% to hit)
You feel a surge of power!
The searing ray hits Ijyb.
Ijyb is moderately wounded. (Press . to maintain the ray.) Ijyb zaps a wand.
The bolt of acid hits you!
Ouch! That really hurt!
The searing ray hits Ijyb!
Ijyb is almost dead.
Unknown command.
The searing ray hits Ijyb.
Ijyb is almost dead.
Ijyb zaps a wand.
The bolt of acid misses you.
Unknown command.
Unknown command.
The searing ray misses Ijyb.
You finish channelling your searing ray.
Unknown command.
Unknown command.
Unknown command.
Unknown command.
You aren't carrying any items that you can evoke.
Unknown command.
Magic courses through your body.
Ijyb zaps a wand.
The bolt of acid hits you!
Ouch! That really hurt!
You die...

.# .# .# .#
.# S# g#
###########.#
#.........@.#
#.###########
#.# #.# #.#
#.# #.# #.#
#.#


You could see Ijyb and an adder.

Vanquished Creatures
  An adder (D:2)
  A worm (D:2)
  5 bats
  4 endoplasms
  A giant cockroach (D:2)
  A goblin (D:1)
  3 hobgoblins
  4 jackals (D:2)
  2 quokkas (D:2)
  3 ball pythons
  3 frilled lizards (D:2)
  2 kobolds (D:1)
  5 rats
35 creatures vanquished.

Notes
Turn   | Place    | Note
-------+----------+-------------------------------------------
     0 | D:1      | Morbidden the Barachi Conjurer began the quest for the Orb.
     0 | D:1      | Reached XP level 1. HP: 13/13 MP: 3/3
   487 | D:1      | Reached XP level 2. HP: 19/19 MP: 1/5
   547 | D:1      | Learned a level 2 spell: Searing Ray
   808 | D:2      | Reached skill level 1 in Polearms
   883 | D:2      | Reached XP level 3. HP: 25/25 MP: 0/6
  1344 | D:2      | Found a faded altar of an unknown god.
  1427 | D:2      | Reached skill level 1 in Armour
  2197 | D:3      | Noticed Ijyb
  2203 | D:3      | Killed from afar by Ijyb

Illustrated notes

Levels and vault maps discovered:
D:1:      kennysheep_arrival_forest, layout_basic, serial_forest,
          infiniplex_forest_fountain, infiniplex_forest_straight_2,
          infiniplex_forest_corner_1, infiniplex_forest_fountain,
          infiniplex_forest_clump_tiny, infiniplex_forest_clump_long
D:2:      layout_loops_corners, nicolae_ecumenical_oubliette,
          chequers_serial_rivers_marsh
D:3:      layout_loops_ring, led_sif_book, nrook_uturn, item_on_display_a,
          uniq_sigmund, uniq_ijyb

Skill      XL: |  1  2  3 |
---------------+----------+-----
Polearms       | 1 |  1.2
Armour         | 1 |  1.1
Fighting       | |  0.3
Staves         | |  0.1
Dodging        | |  2.6
Stealth        | |  1.7
Spellcasting   | |  2.5
Conjurations   | |  4.9

Action                     || total
---------------------------++-------
  Melee: Spear             ||     4
         Quarterstaff      ||     4
         Staff             ||     2
   Cast: Magic Dart        ||    54
         Searing Ray       ||     1
    Use: Potion            ||     1
   Stab: Sleeping          ||     1
 Armour: Robe              ||     2
  Dodge: Dodged            ||     7

Table legend: (Time is in decaauts)
 A = Elapsed time spent in this place.
 B = Non-inter-level travel time spent in this place.
 C = Inter-level travel time spent in this place.
 D = Time resting spent in this place.
 E = Time spent auto-exploring this place.
 F = Levels seen in this place.
 G = Mean time per level.
                   A        B        C        D        E       F      G
               +--------+--------+--------+--------+--------+-----+--------+
         Total |   2497 |   2237 |    260 |    155 |   1866 |   3 |  832.3 |
       Dungeon |   2497 |   2237 |    260 |    155 |   1866 |   3 |  832.3 |
               +--------+--------+--------+--------+--------+-----+--------+

Top non-repeatable levels by time:
     D:2: 1372 daAuts
     D:1: 1058 daAuts
     D:3: 66 daAuts
